[Event "27th CRO-chT Women 2018"]
[Site "Biograd"]
[Date "2018.09.15"]
[Round "9.5"]
[White "Videnova, Iva"]
[Black "Nikolova, Adriana"]
[Result "1/2-1/2"]
[ECO "B10"]
[WhiteElo "2336"]
[BlackElo "2281"]
[Annotator "RC"]
[PlyCount "191"]
[EventDate "2018.09.08"]
[EventType "team-tourn"]
[EventCountry "CRO"]
[SourceTitle "playchess.com"]
[Source "ChessBase"]
[SourceQuality "1"]
[TimeControl "40/5400+30:1800+30"]

1. e4 c6 2. Nf3 d5 3. exd5 cxd5 4. Ne5 Nf6 5. d4 g6 6. Bb5+ Nbd7 7. c3 Bg7 8. O-O O-O 9. Nf3 Ne4 10. Nbd2 Ndf6 11. h3 Nxd2 12. Bxd2 Ne4 13. Bf4 Qb6 14. Qe2 Bf5 15. Bd3 Rfe8 16. a4 a5 17. Bb5 Red8 18. Rfe1 Bf6 19. Be5 Bxe5 20. dxe5 Bd7 21. Bxd7 Rxd7 22. Nd4 e6 23. Red1 Rc8 24. h4 Rc4 25. g3 Qc7 26. Nf3 Qb6 27. Kg2 Qc7 28. Qe3 Kg7 29. h5 h6 30. Rd4 g5 31. Rad1 f6 32. exf6+ Kxf6 33. Nh2 Kg7 34. Ng4 Re7 35. Rxc4 Qxc4 36. f3 Nf6 37. Qe5 Rf7 38. Re1 Qxa4 39. Re2 Qc6 40. Qd4 Qc4 41. Qxc4 dxc4 42. Rxe6 Nxg4 43. Rg6+ Kh7 44. fxg4 b5 45. Rb6 b4 46. cxb4 axb4 47. Rxb4 Rc7 48. Kf3 c3 49. bxc3 Rxc3+ 50. Ke4 Rc5 51. Rb7+ Kg8 52. Rd7 Ra5 53. Re7 Rb5 54. Re5 Rb1 55. Kf5 Kf7 56. Rc5 Rf1+ 57. Ke4 Re1+ 58. Kf3 Re6 59. Rc7+ Kf6 60. Rh7 Ke5 61. Ke3 Ra6 62. Re7+ Kd5 63. Rd7+ Ke5 64. Rd3 Ra4 65. Kf3 Ra6 66. Rb3 Kf6 67. Rc3 Rb6 68. Rd3 Ke5 69. Ke3 Rb4 70. Kf3 Rb6 71. Ra3 Kf6 72. Re3 Ra6 73. Rb3 Ke5 74. Rb5+ Ke6 75. Rb7 Ra3+ 76. Kg2 Ra2+ 77. Kh3 Ra6 78. Rg7 Ke5 79. Rg8 Rb6 80. Rh8 Ra6 81. Kg2 Ra2+ 82. Kf3 Ra3+ 83. Kf2 Ra2+ 84. Kf3 Ra3+ 85. Kg2 Ra2+ 86. Kh3 Ra6 87. Rf8 Rb6 88. Rf5+ Ke6 89. Rc5 Ra6 90. Kg2 Kf6 91. Rc3 Ke5 92. Kf3 Rb6 93. Rc5+ Ke6 94. Ke3 Rb3+ 95. Ke4 Rb4+ 96. Kf3 1/2-1/2

[Event "27th CRO-chT Women 2018"]
[Site "Biograd"]
[Date "2018.09.15"]
[Round "9.6"]
[White "Berke, Ana"]
[Black "Ivekovic, Tihana"]
[Result "1/2-1/2"]
[ECO "A04"]
[WhiteElo "2170"]
[BlackElo "2114"]
[Annotator "ChessBase"]
[PlyCount "130"]
[EventDate "2018.09.08"]
[EventType "team-tourn"]
[EventCountry "CRO"]
[SourceTitle "playchess.com"]
[Source "ChessBase"]
[SourceQuality "1"]
[TimeControl "40/5400+30:1800+30"]

1. e4 c5 2. g3 Nc6 3. Bg2 g6 4. d3 Bg7 5. Nf3 e6 6. O-O Nge7 7. c3 O-O 8. Be3 d6 9. d4 cxd4 10. cxd4 d5 11. e5 f6 12. exf6 Bxf6 13. Nc3 Nf5 14. Qd2 Bd7 15. Rad1 Qa5 16. a3 Rad8 17. h4 b5 18. Bg5 b4 19. axb4 Qxb4 20. Bxf6 Rxf6 21. g4 Nfe7 22. Qh6 Rf7 23. Ne2 e5 24. Nxe5 Nxe5 25. dxe5 Qxg4 26. Nd4 Rdf8 27. f3 Qf4 28. Qg5 h6 29. Qxf4 Rxf4 30. h5 gxh5 31. Kf2 h4 32. Rh1 Re4 33. e6 Bxe6 34. Nxe6 Rxe6 35. Rxh4 Rb8 36. Rd2 Reb6 37. Rg4+ Kf7 38. Rf4+ Kg7 39. Rg4+ Kf7 40. Rf4+ Ke8 41. Kg3 Rxb2 42. Rd1 R2b4 43. Ra1 Rxf4 44. Kxf4 Nc6 45. Kf5 Kf7 46. f4 Rd8 47. Ra6 Ne7+ 48. Kg4 d4 49. Rxa7 d3 50. Bf3 d2 51. Bd1 Rd3 52. Rb7 Rd6 53. Kf3 Kf6 54. Rb2 Nf5 55. Ke2 Ng3+ 56. Ke3 Kf5 57. Rb5+ Kg6 58. Rb2 h5 59. Rb8 Nf5+ 60. Ke4 Re6+ 61. Kd3 Rd6+ 62. Ke4 Ng7 63. Rh8 Re6+ 64. Kd3 Rd6+ 65. Ke4 Re6+ 1/2-1/2

[Event "27th CRO-chT Women 2018"]
[Site "Biograd"]
[Date "2018.09.15"]
[Round "9.7"]
[White "Cvitan, Ena"]
[Black "Bogdanic, Katarina"]
[Result "1/2-1/2"]
[ECO "A47"]
[WhiteElo "2009"]
[BlackElo "1921"]
[Annotator "NA"]
[PlyCount "31"]
[EventDate "2018.09.08"]
[EventType "team-tourn"]
[EventCountry "CRO"]
[SourceTitle "playchess.com"]
[Source "ChessBase"]
[SourceQuality "1"]
[TimeControl "40/5400+30:1800+30"]

1. d4 Nf6 2. Nf3 e6 3. Bf4 c5 4. e3 b6 5. Nbd2 Be7 {[%emt 0:01:00] A47: 1 d4 Nf6 2 Nf3 b6: Torre, London and Colle Systems} 6. h3 O-O 7. Bd3 (7. c3 cxd4 8. exd4 Ba6 9. Bxa6 Nxa6 10. O-O Qc8 11. a4 Nc7 12. Re1 {½-½ (32) Li,C (2722)-Wojtaszek,R (2734) Chartres 2017}) 7... cxd4 8. exd4 Ba6 9. Bxa6 Nxa6 {[%emt 0:00:00] LiveBook: 3 Games} 10. O-O Qc8 11. c3 Qb7 12. Nc4 $146 ({Predecessor:} 12. Re1 d6 {0-1 (76) Mueller,M (2258)-Kunin,V (2534) Germany 2010}) 12... b5 13. Ne3 Nc7 14. Bh2 Ncd5 15. Nc2 Rac8 16. Qe2 $11 1/2-1/2

[Event "27th CRO-chT Women 2018"]
[Site "Biograd"]
[Date "2018.09.15"]
[Round "9.8"]
[White "Golub, Nikolina"]
[Black "Vujnovic, Patricija"]
[Result "1/2-1/2"]
[ECO "D30"]
[WhiteElo "1839"]
[BlackElo "2056"]
[Annotator "NA"]
[PlyCount "76"]
[EventDate "2018.09.08"]
[EventType "team-tourn"]
[EventCountry "CRO"]
[SourceTitle "playchess.com"]
[Source "ChessBase"]
[SourceQuality "1"]
[TimeControl "40/5400+30:1800+30"]

1. d4 d5 2. c4 e6 3. Nf3 a6 4. a4 Nf6 5. Bf4 Bb4+ 6. Bd2 Be7 7. Nc3 c5 8. e3 Nc6 9. cxd5 exd5 10. dxc5 Bxc5 11. Be2 O-O 12. O-O Qe7 13. a5 Ba7 14. Na4 Ne4 15. Bc3 Be6 16. Qb1 Nxc3 17. Nxc3 d4 18. exd4 Nxd4 19. Nxd4 Bxd4 20. Rd1 Rad8 21. Qe4 Qf6 22. Qf3 Bb3 23. Qxf6 Bxf6 24. Rxd8 Rxd8 25. Bf3 Rd7 26. Re1 Kf8 $15 27. g3 Bd4 28. Rc1 Rc7 29. Ne2 Rxc1+ 30. Nxc1 Bc4 31. b3 Bb5 32. Bxb7 Bc3 33. Be4 Bxa5 34. Bd3 Bxd3 35. Nxd3 Bc3 36. Kf1 Ke7 37. Ke2 Kd6 38. Ke3 g6 1/2-1/2

[Event "27th CRO-chT Women 2018"]
[Site "Biograd"]
[Date "2018.09.15"]
[Round "9.9"]
[White "Krivec, Jana"]
[Black "Janzelj, Lara"]
[Result "1/2-1/2"]
[ECO "C27"]
[WhiteElo "2185"]
[BlackElo "2254"]
[Annotator "NA"]
[PlyCount "61"]
[EventDate "2018.09.08"]
[EventType "team-tourn"]
[EventCountry "CRO"]
[SourceTitle "playchess.com"]
[Source "ChessBase"]
[SourceQuality "1"]
[TimeControl "40/5400+30:1800+30"]

1. e4 e5 2. Nc3 Nf6 3. Bc4 Nxe4 4. Qh5 Nd6 5. Qxe5+ Qe7 6. Qxe7+ Bxe7 7. Bb3 Nf5 8. Nf3 c6 {[%emt 0:03:30] C27: Vienna Game: 2...Nf6 3 Bc4 Nxe4} 9. d4 d5 10. Ne2 {[%emt 0:05:30] LiveBook: 5 Games} O-O 11. O-O Nh4 12. Nxh4 Bxh4 13. Ng3 Be6 14. c3 Nd7 15. Bc2 {[%emt 0:01:30] [#]} Rfe8 $146 ({Predecessor:} 15... g6) 16. Nf5 Bxf5 17. Bxf5 Nb6 18. b3 g6 19. Bd3 Re6 20. Bd2 Rae8 21. Rfe1 Rxe1+ 22. Rxe1 Rxe1+ 23. Bxe1 Bg5 24. Kf1 Kf8 25. Ke2 Ke7 26. f3 Bf4 27. g3 Bd6 28. c4 Bc7 $11 29. h4 Ke6 30. g4 h5 31. Bf2 1/2-1/2

[Event "27th CRO-chT Women 2018"]
[Site "Biograd"]
[Date "2018.09.15"]
[Round "9.11"]
[White "Starcevic, Andrea"]
[Black "Muha, Magdalena"]
[Result "1-0"]
[ECO "D46"]
[WhiteElo "1893"]
[BlackElo "1839"]
[Annotator "NA"]
[PlyCount "81"]
[EventDate "2018.09.08"]
[EventType "team-tourn"]
[EventCountry "CRO"]
[SourceTitle "playchess.com"]
[Source "ChessBase"]
[SourceQuality "1"]
[TimeControl "40/5400+30:1800+30"]

1. c4 c6 2. e3 d5 3. Nc3 Nf6 4. Nf3 e6 {[%emt 0:03:30] LiveBook: 2142 Games} 5. d4 Be7 6. Be2 O-O 7. O-O Nbd7 8. a3 dxc4 $11 9. Bxc4 c5 10. dxc5 Nxc5 11. Qc2 a6 12. b4 Ncd7 13. Bb2 b5 14. Ba2 Bb7 15. Qe2 Qc7 16. Rac1 Ng4 17. Nd5 Qd6 18. Nxe7+ Qxe7 19. h3 Ngf6 20. Rc7 Bd5 21. Bxf6 gxf6 22. Bxd5 exd5 23. Nd4 Kh8 24. Qg4 Rfd8 25. Nc6 Qd6 26. Nxd8 Rxd8 27. Rfc1 Ne5 28. Qf5 Kg7 29. Rc8 Rd7 30. Qf4 Rd8 31. Rxd8 Qxd8 32. Rc5 Ng6 33. Qd4 Ne7 34. e4 Qd6 35. exd5 Ng6 36. Rc6 Qe7 37. d6 Qe1+ 38. Kh2 Ne5 39. Rc3 h6 40. Rg3+ Kh7 41. d7 1-0

[Event "27th CRO-chT Women 2018"]
[Site "Biograd"]
[Date "2018.09.15"]
[Round "9.12"]
[White "Koksa, Jelena"]
[Black "Tomulic, Vesna"]
[Result "1/2-1/2"]
[ECO "B42"]
[WhiteElo "1764"]
[BlackElo "1837"]
[Annotator "NA"]
[PlyCount "38"]
[EventDate "2018.09.08"]
[EventType "team-tourn"]
[EventCountry "CRO"]
[SourceTitle "playchess.com"]
[Source "ChessBase"]
[SourceQuality "1"]
[TimeControl "40/5400+30:1800+30"]

1. e4 c5 2. Nf3 e6 3. d4 cxd4 4. Nxd4 a6 5. Bd3 Qc7 6. Qe2 $11 {[%emt 0:01:30] LiveBook: 65 Games} Nc6 7. Nxc6 dxc6 8. O-O Bd6 9. h3 e5 10. c4 Ne7 11. Be3 Ng6 12. Nc3 Qe7 13. Na4 Be6 14. c5 Bc7 15. Bc4 O-O 16. Rfd1 Rad8 17. Bxe6 Qxe6 18. Nc3 Ba5 19. Rxd8 Rxd8 1/2-1/2